 Dungeon Crawl Stone Soup version 0.27.1-2-g3b301248ec (webtiles) character file.

Game seed: 6599053213807979956

712 Dexcius the Chopper (level 7, -11/61 HPs)
             Began as a Minotaur Berserker on Sept 27, 2021.
             Was a Priest of Trog.
             Engulfed by a steam dragon's steam (14 damage)
             ... on level 7 of the Dungeon.
             The game lasted 00:11:27 (3584 turns).

Dexcius the Chopper (Minotaur Berserker)            Turns: 3584, Time: 00:11:28

Health: -11/61     AC:  7    Str: 20 (22) XL:     7   Next: 41%
Magic:  15/15      EV: 12    Int:  4      God:    Trog [***...]
Gold:   160        SH:  0    Dex: 15 (17) Spells: 6/6 levels left

rFire    . . .     SeeInvis .   j - +2 battleaxe
rCold    + + .     Faith    .   (shield currently unavailable)
rNeg     . . .     Spirit   .   d - +0 ring mail
rPois    .         Reflect  .   (helmet restricted)
rElec    .         Harm     .   g - +0 cloak
rCorr    .         Rampage  .   (no gloves)
Will     .....                  (no boots)
Stlth    +.........             (no amulet)
HPRegen  0.20/turn              f - ring "Pemail" {rC++ MP+9 Dex+6}
MPRegen  0.14/turn              (no ring)

@: no status effects
A: horns 2, retaliatory headbutt
a: Renounce Religion, Berserk, Trog's Hand


You were on level 7 of the Dungeon.
You worshipped Trog.
Trog was most pleased with you.
You visited 1 branch of the dungeon, and saw 5 of its levels.

You collected 160 gold pieces.

Inventory:

Hand Weapons
 a - a +0 hand axe
 e - a +0 flail
 j - a +2 battleaxe (weapon)
Armour
 d - a +0 ring mail (worn)
 g - a +0 cloak (worn)
 h - a +2 buckler
Jewellery
 f - the ring "Pemail" (left hand) {rC++ MP+9 Dex+6}
   (You acquired it on level 4 of the Dungeon)

   [ring of dexterity]

   Dex:       It affects your dexterity (+6).
   rC:        It greatly protects you from cold.
   MP:        It affects your magic capacity (+9).
Scrolls
 b - 3 scrolls of identify
 c - a scroll of fog
Potions
 i - a potion of berserk rage


   Skills:
 + Level 5.4 Fighting
 + Level 7.4 Axes
 + Level 4.6 Armour
 + Level 3.7 Dodging
 + Level 0.8 Stealth
 + Level 1.8 Shields
 + Level 0.7 Evocations


You had 6 spell levels left.
You didn't know any spells.
Your spell library was empty.

Dungeon Overview and Level Annotations

Branches:
Dungeon (4/15)
 Temple: D:4-7

Altars:
Ashenzari
Cheibriados
Gozag
Yredelemnul
The Shining One


Innate Abilities, Weirdness & Mutations

You have a pair of horns on your head.
You reflexively headbutt those who attack you in melee.


Message History

Found 28 bolts.
Found a potion of degeneration.
You see here 28 bolts.
You recover from your berserk rage.
Found 22 stones.
Found a stone staircase leading down.
Found a scroll labelled BOMNOUKHLUPN.
Found a stone staircase leading down.
Found a fuming orange potion.
A steam dragon comes into view.
Found 13 poisoned darts.
The steam dragon breathes steam at you. The ball of steam hits you!
The steam dragon moves out of view.
You are engulfed in a cloud of scalding steam.
You are engulfed in a cloud of scalding steam.
The steam dragon bites you.
The steam dragon claws you but does no damage.
You closely miss the steam dragon.
You are engulfed in a cloud of scalding steam.
The steam dragon bites you but does no damage.
The steam dragon claws you.
You hit the steam dragon.
The steam dragon is moderately wounded.
The steam dragon breathes steam at you. The ball of steam hits you!
* * * LOW HITPOINT WARNING * * *
The steam dragon barely misses you. You furiously retaliate!
You headbutt the steam dragon.
The steam dragon claws you but does no damage.
You are engulfed in a cloud of scalding steam.
The steam dragon bites you.
* * * LOW HITPOINT WARNING * * *
The steam dragon closely misses you.
You are engulfed in a cloud of scalding steam.
* * * LOW HITPOINT WARNING * * *
The steam dragon closely misses you.
The steam dragon claws you but does no damage.
You slash the steam dragon!
The steam dragon is heavily wounded.
You are engulfed in a cloud of scalding steam.
You die...

#.# ## ...
.# #.# .#
#!# .# #.#
.# #># .#
##?##.#.####
#..§@D§§.(..
#.###.......
#.# .######
# #.# .#
#.#.# .#
#.#.###.#
#>....(.#
###.#####
#.#


You could see a steam dragon (catching breath).

Vanquished Creatures
  A sky beast (D:3)
  A scorpion (D:4)
  5 wights (D:7)
  A jelly (D:4)
  A hound (D:2)
  A centaur skeleton (D:4)
  An orc wizard (D:4)
  2 iguanas (D:4)
  3 gnolls (D:3)
  7 adders
  An ufetubus (D:4)
  6 dart slugs
  9 orcs
  8 endoplasms
  2 giant cockroaches
  10 hobgoblins
  3 quokkas
  6 ball pythons
  5 bats
  2 frilled lizards (D:1)
  9 goblins
  A jackal skeleton (D:4)
  3 kobolds
  4 rats
92 creatures vanquished.

Vanquished Creatures (others)
  2 fungi (D:1)
  2 plants (D:4)
4 creatures vanquished.

Grand Total: 96 creatures vanquished

Notes
Turn   | Place    | Note
-------+----------+-------------------------------------------
     0 | D:1      | Dexcius the Minotaur Berserker began the quest for the Orb.
     0 | D:1      | Reached XP level 1. HP: 19/19 MP: 0/0
   236 | D:1      | Reached skill level 4 in Axes
   236 | D:1      | Reached XP level 2. HP: 27/27 MP: 1/1
   242 | D:1      | Found a faded altar of an unknown god.
   424 | D:1      | Reached ** piety under Trog
   425 | D:1      | Reached XP level 3. HP: 28/33 MP: 2/2
   974 | D:2      | Reached skill level 5 in Axes
   974 | D:2      | Reached XP level 4. HP: 28/40 MP: 3/3
  1748 | D:3      | Found a broken altar of Ashenzari.
  1782 | D:3      | Reached XP level 5. HP: 39/47 MP: 4/4
  1863 | D:3      | Noticed a sky beast
  1878 | D:3      | Killed a sky beast
  1879 | D:3      | Reached skill level 1 in Shields
  1944 | D:3      | Reached XP level 6. HP: 51/55 MP: 5/5
  2327 | D:3      | Found a basalt altar of Yredelemnul.
  2511 | D:4      | Reached skill level 6 in Axes
  2805 | D:4      | Found a glowing golden altar of the Shining One.
  2860 | D:4      | Reached *** piety under Trog
  2909 | D:4      | Found an opulent altar of Gozag.
  3010 | D:4      | Reached skill level 5 in Fighting
  3078 | D:4      | Found a snail-covered altar of Cheibriados.
  3083 | D:4      | Identified a scroll of acquirement
  3083 | D:4      | Acquired the ring "Pemail" {rC++ MP+9 Dex+6}
  3269 | D:4      | Reached skill level 7 in Axes
  3473 | D:4      | You fall into a shaft and drop 3 floors!
  3482 | D:7      | Reached XP level 7. HP: 61/61 MP: 6/6
  3577 | D:7      | Noticed a steam dragon
  3583 | D:7      | HP: 3/61 [steam dragon] (7)]
  3584 | D:7      | Engulfed by a steam dragon's steam

Illustrated notes

Levels and vault maps discovered:
D:1:      psy_arrival_dodecagon, layout_basic, dreamdust_ecumenical_altar_grove
D:2:      layout_basic
D:3:      minmay_octagon_keep, layout_basic, mainiacjoe_overflow_paths,
          mainiacjoe_overflow_alcove_2
D:4:      layout_loops_ring, tso_altar, old_standard_altar, cheibriados_altar_1,
          supply_closet_lemuel, serial_bayou_pond_a
D:7:      layout_loops_ring, minmay_temple_entry_poolview

Skill      XL: |  1  2  3  4  5  6 |
---------------+-------------------+-----
Axes           | 4 5 7 |  7.4
Fighting       | 4 5 |  5.4
Armour         | 3 4 |  4.6
Shields        | 1 |  1.8
Dodging        | 3 |  3.7
Stealth        | |  0.8
Evocations     | |  0.7

Action                   |  1- 3 |  4- 6 |  7- 9 || total
-------------------------+-------+-------+-------++-------
Melee: Hand axe          |    47 |   157 |    11 ||   215
       Headbutt          |     6 |    30 |     1 ||    37
       Battleaxe         |       |       |     3 ||     3
Invok: Berserk           |       |     1 |       ||     1
Evoke: Wand              |       |    12 |       ||    12
  Use: Scroll            |     2 |     6 |       ||     8
       Potion            |       |     4 |       ||     4
Armor: Ring mail         |    21 |    54 |     6 ||    81
       Animal skin       |     1 |       |       ||     1
Dodge: Dodged            |    27 |    79 |     7 ||   113
Block: Buckler           |       |    27 |       ||    27
